 Dungeon Crawl Stone Soup version 0.24-a0-422-g9eff3895ba (webtiles) character file.

Game seed: 1481035012031813465

148665 KristoblXynda the Blocker (level 16, -8/135 HPs)
             Began as a Green Draconian Gladiator on June 12, 2019.
             Was the Champion of Ashenzari.
             Mangled by a five-headed hydra (14 damage)
             ... on level 4 of the Swamp.
             The game lasted 01:30:03 (32371 turns).

KristoblXynda the Blocker (DrGl)                   Turns: 32371, Time: 01:30:03

Health: -8/135     AC: 20    Str: 20    XL:     16   Next: 94%
Magic:  43/43      EV: 23    Int: 16    God:    Ashenzari [******]
Gold:   2469       SH: 15    Dex: 16    Spells: 17/36 levels left

rFire    + . .     SeeInvis +   Q - +3 scimitar (flame) (curse)
rCold    + . .     Gourm    +   s - +1 shield (curse)
rNeg     . . .     Faith    .   (armour unavailable)
rPois    +         Spirit   .   v - +2 hat
rElec    .         Reflect  .   Y - +2 cloak (curse)
rCorr    .         Harm     .   N - +2 pair of gloves {Str+3} (curse)
MR       +....     Clarity  +   J - +2 pair of boots (curse)
Stlth    +++.......             j - amulet of the gourmand
HPRegen  0.72/turn              M - ring of Hurghit {rC+ Int+4 Slay+6 Stlth+} (curse)
MPRegen  0.28/turn              H - ring "Reytilah" {+Fly MP+9 SInv} (curse)

@: very slow
A: breathe noxious fumes, unfitting armour, stinger 1, blurry vision 1, fire
resistance 1, high mp 1, poison resistance, regeneration 1, cold-blooded, AC +9
a: Breathe Noxious Fumes, Curse Item, Scrying, Transfer Knowledge, Renounce
Religion, Evoke Flight


You were on level 4 of the Swamp.
You worshipped Ashenzari.
Ashenzari was exalted by your worship.
You were very full.

You visited 4 branches of the dungeon, and saw 27 of its levels.
You also visited: Gauntlet, Ice Cave and Volcano.

You collected 2686 gold pieces.
You spent 217 gold pieces at shops.

Inventory:

Hand Weapons
 n - a +3 scimitar
 Q - a cursed +3 scimitar of flaming (weapon)
Missiles
 c - 4 throwing nets
 z - 21 javelins (quivered)
Armour
 s - a cursed +1 shield (worn)
 v - a +2 hat (worn)
 J - a cursed +2 pair of boots (worn)
 N - a cursed +2 pair of gloves of strength (worn)
 Y - a cursed +2 cloak (worn)
Jewellery
 j - an amulet of the gourmand (around neck)
 H - the cursed ring "Reytilah" (right hand) {+Fly MP+9 SInv}
   (You found it on level 7 of the Dungeon)

   [ring of magical power]

   It affects your magic capacity (+9).
   It lets you see invisible.
   It lets you fly.
   It has a curse placed upon it.
 M - the cursed ring of Hurghit (left hand) {rC+ Int+4 Slay+6 Stlth+}
   (You took it off an orc on level 7 of the Dungeon)

   [ring of protection from cold]

   It affects your intelligence (+4).
   It affects your accuracy and damage with ranged weapons and melee attacks
   (+6).
   It protects you from cold.
   It makes you more stealthy.
   It has a curse placed upon it.
Wands
 a - a wand of digging (11)
 q - a wand of paralysis (25)
 G - a wand of iceblast (8)
 I - a wand of acid (8)
 P - a wand of clouds (3)
 R - a wand of disintegration (14)
Scrolls
 b - a scroll of brand weapon
 e - 7 scrolls of identify
 f - 6 scrolls of teleportation
 h - a scroll of fog
 k - 7 scrolls of amnesia
 m - 2 scrolls of holy word
 u - 2 scrolls of blinking
 y - 5 scrolls of magic mapping
 L - 2 scrolls of fear
Potions
 g - 4 potions of might
 r - 5 potions of brilliance
 t - 6 potions of curing
 w - 3 potions of resistance
 x - 5 potions of haste
 A - 2 potions of flight
 B - 2 potions of berserk rage
 C - 4 potions of invisibility
 F - 3 potions of agility
 S - 3 potions of magic
 T - 2 potions of cancellation
 W - a potion of lignification
Miscellaneous
 l - a fan of gales (inert)
 p - a crystal ball of energy
 D - a phial of floods
Comestibles
 d - 50 rations


   Skills:
 - Level 10.3 Fighting
 - Level 11.8(16.0) Long Blades
 - Level 7.2 Throwing
 - Level 11.3(14.0) Dodging
 - Level 9.0(11.9) Stealth
 - Level 12.3(15.0) Shields
 + Level 10.9 Spellcasting
 - Level 4.3(7.2) Conjurations
 + Level 5.4(8.4) Charms
 + Level 2.8(5.3) Summonings
 + Level 4.8(7.8) Translocations
 - Level 7.3(10.4) Transmutations
 - Level 4.0(6.8) Earth Magic
 - Level 7.4(10.5) Evocations


You had 17 spell levels left.
You knew the following spells:

 Your Spells              Type           Power        Failure   Level  Hunger
a - Petrify               Tmut/Erth      #####...     2%          4    ###....
b - Throw Icicle          Conj/Ice       ###.....     17%         4    ###....
c - Deflect Missiles      Chrm/Air       ###.......   90%         6    ######.
d - Summon Forest         Summ/Tloc      ####......   16%         5    #####..

Your spell library contained the following spells:

 Spells                   Type           Power        Failure   Level  Hunger
 Beastly Appendage        Tmut           #####.       1%          1    None
 Flame Tongue             Conj/Fire      ###..        1%          1    None
 Shock                    Conj/Air       ###.         1%          1    None
 Summon Butterflies       Summ           ####....     1%          1    None
 Blink                    Tloc           N/A          1%          2    None
 Sticks to Snakes         Tmut           #####...     1%          2    None
 Swiftness                Chrm/Air       ###.....     1%          2    None
 Gell's Gravitas          Tloc           ####......   1%          3    None
 Lesser Beckoning         Tloc           ####......   1%          3    None
 Recall                   Summ/Tloc      N/A          1%          3    None
 Stone Arrow              Conj/Erth      ####..       1%          3    None
 Throw Flame              Conj/Fire      ###...       2%          2    None
 Throw Frost              Conj/Ice       ###...       2%          2    None
 Call Canine Familiar     Summ           ####....     2%          3    None
 Spider Form              Tmut/Pois      ####......   2%          3    None
 Passage of Golubria      Tloc           N/A          3%          4    ###....
 Blade Hands              Tmut           #####.....   3%          5    #####..
 Ozocubu's Armour         Chrm/Ice       ###.....     4%          3    None
 Portal Projectile        Hex/Tloc       ###...       4%          3    None
 Conjure Flame            Conj/Fire      ###.....     5%          3    None
 Static Discharge         Conj/Air       ###.....     5%          3    None
 Confusing Touch          Hex            ##....       7%          1    None
 Corona                   Hex            ##.....      7%          1    None
 Freeze                   Ice            ##..         7%          1    None
 Ice Form                 Ice/Tmut       ####....     9%          4    ###....
 Corpse Rot               Necr           N/A          11%         2    None
 Ensorcelled Hibernation  Hex/Ice        ##....       11%         2    None
 Slow                     Hex            ##......     11%         2    None
 Sticky Flame             Conj/Fire      ###.....     17%         4    ###....
 Leda's Liquefaction      Hex/Erth       ###.......   19%         4    ###....
 Hydra Form               Tmut           #####.....   19%         6    ######.
 Confuse                  Hex            ##......     22%         3    None
 Inner Flame              Hex/Fire       ##......     22%         3    None
 Summon Ice Beast         Ice/Summ       ###.....     26%         4    ###....
 Summon Lightning Spire   Summ/Air       ###.....     26%         4    ###....
 Aura of Abjuration       Summ           ####......   26%         5    #####..
 Summon Demon             Summ           ####......   26%         5    #####..
 Yara's Violent Unravell  Hex/Tmut       ####......   26%         5    #####..
 Fireball                 Conj/Fire      ###.......   43%         5    #####..
 Lightning Bolt           Conj/Air       ###.......   43%         5    #####..
 Airstrike                Air            ##........   56%         4    ###....
 Cause Fear               Hex            ##........   56%         4    ###....
 Summon Mana Viper        Hex/Summ       ###.....     56%         5    #####..
 Shadow Creatures         Summ           N/A          80%         6    ######.
 Metabolic Englaciation   Hex/Ice        ##........   89%         5    #####..
 Silence                  Hex/Air        ##........   89%         5    #####..
 Conjure Ball Lightning   Conj/Air       ###.......   95%         6    ######.
 Darkness                 Hex            ##........   100%        6    ######.
 Haunt                    Necr/Summ      ###.......   100%        7    #######
 Summon Hydra             Summ           ####......   100%        7    #######
 Borgnjor's Revivificati  Necr           ##........   100%        8    #######
 Death's Door             Chrm/Necr      ###.......   100%        8    #######
 Infestation              Necr           ##........   100%        8    #######
 Necromutation            Tmut/Necr      ####......   100%        8    #######
 Tornado                  Air            ##........   100%        9    #######


Dungeon Overview and Level Annotations

Branches:
Dungeon (15/15)            Temple (0/1) D:7            Lair (6/6) D:11
  Swamp (4/4) Lair:2       Spider (0/4) Lair:4        Slime (0/5) Lair:6
    Orc (2/2) D:10         Vaults (0/5) D:14         Depths (0/5) D:15
    Elf: Orc:2

Altars:
Ashenzari
Elyvilon
Fedhas
Nemelex Xobeh
Qazlal
Sif Muna
Uskayaw
Wu Jian
Xom
Zin
The Shining One
Beogh
Jiyva

Shops:
D:8 *   D:10 [   D:15 [

Annotations:
D:3 1 runed translucent door, Lanoc's ghost, amateur GnBe
D:9 1 runed translucent door, Borbor's ghost, novice DrFE
Orc:2 Donald


Innate Abilities, Weirdness & Mutations

You can breathe blasts of noxious fumes.
Your lurid green scales are hard. (AC +9)
You cannot fit into any form of body armour.
Your tail ends in a poisonous barb.
Your system is resistant to poisons. (rPois)
You are cold-blooded and may be slowed by cold attacks.
Scrolls take you a little longer to read.
Your flesh is heat resistant. (rF+)
You have an increased reservoir of magic. (+10% MP)
Your natural rate of healing is unusually fast.


Message History

The ghost crab is almost destroyed.
The now-empty wand crumbles to dust.
You are engulfed in spectral mist.
* * * LOW HITPOINT WARNING * * *
You block the spectral swamp drake's attack.
The five-headed hydra is engulfed in spectral mist.
The ghost crab breathes spectral mist at you.
The spectral mist engulfs you but does no damage.
The alligator is engulfed in spectral mist.
Unknown command.
Unknown command.
Evoke which item? (* to show all) (? for menu, Esc to quit)
Aiming: Iceblast
Press: ? - help, Shift-Dir - straight line, p - ghost crab The mass of ice explodes!
The iceblast engulfs the ghost crab!
You destroy the ghost crab!
The spectral swamp drake fades away!
You are engulfed in spectral mist.
* * * LOW HITPOINT WARNING * * *
The five-headed hydra is engulfed in spectral mist.
The five-headed hydra bites you!
You die...

♣♣♣♣♣♣♣♣♣♣♣♣♣♣♣♣♣♣♣♣ *
..≈§..≈≈...♣♣≈≈≈.≈≈♣♣ ≈,**
.≈≈≈.≈≈≈..≈....≈≈§.≈♣ *≈ ≈,**
.≈≈†..†...≈..♣≈§○≈☼.♣ * , ,
.≈.≈≈≈.≈.≈≈≈≈♣♣☼§§≈≈♣ ♣♣♣♣, ,♣
...≈≈≈..≈≈.≈...○○D§=♣♣♣≈≈♣♣ t♣
≈≈≈≈≈≈.≈≈.≈♣≈≈☼§@☼☼.≈♣♣..≈♣≈≈♣♣♣
♣♣♣♣♣§≈≈.♣♣♣≈☼☼☼t§☼...≈.≈≈≈≈≈..≈.
♣≈♣♣♣♣≈..♣ ♣♣≈♣§☼☼☼≈≈≈≈≈≈≈≈≈≈≈≈≈.
.≈.≈♣≈....≈♣..♣♣..≈≈J≈..≈≈≈≈≈≈≈§.
≈.≈..≈≈≈≈≈≈....♣.≈≈§≈≈.♣.≈≈≈≈≈≈.≈
≈≈§.≈≈≈≈≈≈≈...≈≈.§.≈≈≈.♣≈≈≈≈≈≈≈≈≈
.≈≈≈≈≈≈....≈≈≈≈...§.≈≈§≈....≈≈≈≈≈
≈≈≈≈≈≈≈≈.≈.,♣.≈≈≈♣♣.≈≈.≈.≈...≈≈≈≈
≈≈≈≈≈≈≈≈♣≈♣≈≈.§..,≈§.♣♣≈.≈D..≈≈≈


You could see an alligator, a five-headed hydra and an enormous slime creature
(paralysed).

Vanquished Creatures
  Gastronok (Lair:2)
  A frost giant (IceCv)
  An orc warlord (Orc:1)
  A stone giant (D:12)
  Azrael (D:14)
  A minotaur (Gauntlet)
  An ettin (D:12)
  8 vault guards (D:14)
  A shambling mangrove (Swamp:1)
  2 ghost crabs (Swamp:4)
  18 hydras
  A catoblepas (Lair:2)
  3 centaur warriors
  12 two-headed ogres
  5 death yaks
  12 alligators
  2 tengu warriors
  An orc high priest (Orc:2)
  2 ogre magi (D:15)
  2 fire crabs (shapeshifter)
  A glowing orange brain (shapeshifter) (Gauntlet)
  3 unseen horrors
  2 spriggan druids (Swamp:2)
  8 swamp dragons
  A hell knight (D:12)
  A phantasmal warrior (D:12)
  An obsidian statue (Gauntlet)
  2 lindwurms (Volcano)
  A wizard (D:15)
  A deep elf mage (D:13)
  2 orc sorcerers (Orc:2)
  An ugly thing (D:14)
  An oklob plant (Lair:1)
  2 orc knights
  7 cyclopes
  A manticore (D:12)
  A cyclops (shapeshifter) (Gauntlet)
  9 elephants
  An ice statue (IceCv)
  32 spiny frogs
  4 black mambas
  4 molten gargoyles (Volcano)
  A torpor snail (D:13)
  4 centaur skeletons
  A centaur zombie (D:15)
  4 rime drakes
  3 efreet
  A minotaur zombie (Gauntlet)
  7 komodo dragons
  2 tengu conjurers (D:14)
  5 trolls
  22 tyrant leeches
  A queen bee (Lair:3)
  A jumping spider (Lair:4)
  10 hornets
  22 slime creatures
  16 polar bears
  8 bog bodies
  20 blink frogs
  6 dream sheep (Lair:4)
  7 hippogriffs
  A spriggan (Swamp:4)
  3 flying skulls (Gauntlet)
  2 shadows
  62 yaks
  2 water elementals (D:12)
  3 redbacks (Lair:4)
  2 wyverns
  A wraith (D:15)
  3 fire bats (Orc:1)
  9 fire elementals
  4 hogs (D:8)
  A human (D:8)
  2 steam dragons
  3 hungry ghosts
  18 vampire mosquitoes
  6 insubstantial wisps (Swamp:4)
  4 wargs
  17 swamp worms
  An acid dragon (D:11)
  17 water moccasins
  3 hell hounds (D:14)
  Duvessa (D:7)
  10 porcupines
  6 ice beasts
  32 orc warriors
  8 swamp drakes
  A sky beast (D:10)
  4 phantoms
  2 black bears
  A necrophage (D:6)
  2 eyes of draining
  9 crocodiles
  5 centaurs
  12 wolves
  8 ogres
  2 big kobolds
  23 bullfrogs
  Blork the orc (D:4)
  2 earth elementals (Volcano)
  A wyvern zombie (D:11)
  Dowan (D:7)
  5 scorpions
  A wyvern skeleton (D:7)
  A water moccasin skeleton (D:8)
  3 wights (D:8)
  28 killer bees
  3 howler monkeys
  8 electric eels
  9 crimson imps
  2 quasits
  10 hounds
  4 jellies
  11 orc priests
  Crazy Yiuf (D:3)
  2 bullfrog skeletons
  Jessica (D:2)
  An iguana (D:9)
  Ijyb (D:2)
  Natasha (thrice) (D:2)
  32 orc wizards
  8 hell rats
  8 worker ants
  2 human simulacra (D:11)
  2 worker ant zombies
  9 adders
  4 gnolls (D:6)
  4 river rats (D:5)
  2 oozes
  3 adder zombies
  2 worms
  2 dart slugs
  4 leopard geckos
  84 orcs
  16 bats
  7 giant cockroaches
  12 goblins
  6 hobgoblins
  8 jackals
  23 kobolds
  4 quokkas
  A leopard gecko skeleton (D:3)
  A quokka skeleton (D:9)
  24 rats
  A butterfly (Lair:1)
  A fungus (Lair:6)
962 creatures vanquished.

Vanquished Creatures (collateral kills)
  2 killer bees (Lair:3)
2 creatures vanquished.

Vanquished Creatures (others)
  A hydra (Swamp:4)
  A spriggan druid (Swamp:4)
  A swamp dragon (Swamp:4)
  A polar bear (IceCv)
  A swamp drake (Swamp:4)
  5 wolves (IceCv)
  A quokka (D:10)
  31 fungi
  66 plants
108 creatures vanquished.

Grand Total: 1072 creatures vanquished

Notes
Turn   | Place    | Note
-------+----------+-------------------------------------------
     0 | D:1      | KristoblXynda the Draconian Gladiator began the quest for
                  | the Orb.
     0 | D:1      | Reached XP level 1. HP: 17/17 MP: 1/1
   259 | D:1      | Reached XP level 2. HP: 24/24 MP: 2/2
   869 | D:2      | Noticed Jessica
   873 | D:2      | Killed Jessica
   873 | D:2      | Reached XP level 3. HP: 29/29 MP: 3/3
  1178 | D:2      | Reached XP level 4. HP: 27/36 MP: 4/4
  1277 | D:2      | Noticed Natasha
  1282 | D:2      | Killed Natasha
  1413 | D:2      | Noticed Natasha
  1419 | D:2      | Killed Natasha
  1534 | D:2      | Noticed Ijyb
  1553 | D:2      | Reached XP level 5. HP: 41/41 MP: 5/5
  1557 | D:2      | Paralysed by Ijyb for 6 turns
  1573 | D:2      | Paralysed by Ijyb for 4 turns
  1581 | D:2      | Killed Ijyb
  1965 | D:2      | Noticed Natasha
  1974 | D:2      | Killed Natasha
  2420 | D:3      | Reached skill level 5 in Long Blades
  2436 | D:3      | Found a glowing golden altar of the Shining One.
  2480 | D:3      | Found a runed translucent door.
  2488 | D:3      | Noticed Lanoc's ghost (amateur GnBe)
  2947 | D:3      | Found a runed translucent door.
  2948 | D:3      | Noticed Crazy Yiuf
  3220 | D:3      | Killed Crazy Yiuf
  3220 | D:3      | Reached XP level 6. HP: 33/48 MP: 6/6
  3586 | D:4      | Found a stormy altar of Qazlal.
  3719 | D:4      | Your scales start taking on a lurid green colour.
  3719 | D:4      | Reached XP level 7. HP: 43/55 MP: 7/7
  3719 | D:4      | Gained mutation: Your system is resistant to poisons.
                  | (rPois) [Green Draconian growth]
  4107 | D:4      | Found a shattered altar of Ashenzari.
  4230 | D:4      | Became a worshipper of Ashenzari the Shackled
  4264 | D:4      | Noticed Blork the orc
  4290 | D:4      | Killed Blork the orc
  4578 | D:5      | Entered Level 5 of the Dungeon
  4785 | D:5      | Found the +2 ratskin cloak {+Rats rPois rN+ Str-1 Int-1
                  | Dex+1}
  4954 | D:5      | Found a glowing silver altar of Zin.
  4955 | D:5      | Found a hide-covered altar of Uskayaw.
  4961 | D:5      | Reached skill level 5 in Dodging
  4961 | D:5      | Reached skill level 1 in Evocations
  4961 | D:5      | Reached XP level 8. HP: 61/61 MP: 8/8
  4987 | D:5      | Found a shattered altar of Ashenzari.
  5798 | D:6      | Reached skill level 5 in Throwing
  6075 | D:6      | Reached * piety under Ashenzari
  6521 | D:7      | Found an ornate altar of the Wu Jian Council.
  6528 | D:7      | Found a staircase to the Ecumenical Temple.
  6694 | D:7      | Noticed Duvessa
  6695 | D:7      | Noticed Dowan
  6700 | D:7      | Killed Duvessa
  6709 | D:7      | Killed Dowan
  6839 | D:7      | Found a sparkling altar of Nemelex Xobeh.
  7035 | D:7      | Reached XP level 9. HP: 42/71 MP: 11/11
  7197 | D:7      | Identified the amulet "Xef Liyq" {Harm *Drain rC+ Str+2
                  | SInv}
  7206 | D:7      | Noticed a troll
  7211 | D:7      | Identified the ring "Reytilah" {+Fly MP+9 SInv}
  7430 | D:7      | Identified the ring "Pagu" {*Tele rF+ Dex+5}
  7601 | D:7      | Found a deep blue altar of Sif Muna.
  7623 | D:7      | Identified Sif Muna's Papyrus of Weightlessness
  7695 | D:7      | Identified the ring of Hurghit {rC+ Int+4 Slay+6 Stlth+}
  7707 | D:7      | Killed a troll
  7707 | D:7      | Reached skill level 5 in Fighting
  7973 | D:8      | Found a blossoming altar of Fedhas.
  7982 | D:8      | Reached skill level 5 in Evocations
  8448 | D:8      | Found Erufiar's Assorted Antiques.
  8574 | D:8      | Reached XP level 10. HP: 52/83 MP: 14/14
  9107 | D:8      | Noticed a two-headed ogre
  9112 | D:8      | Killed a two-headed ogre
  9432 | D:9      | Learned a level 4 spell: Petrify
  9725 | D:9      | Reached ** piety under Ashenzari
  9728 | D:9      | Found a runed translucent door.
  9729 | D:9      | Found a shimmering altar of Xom.
  9729 | D:9      | Noticed Borbor's ghost (novice DrFE)
  9730 | D:9      | Noticed a +2 hand axe of chaos
 10360 | D:10     | Entered Level 10 of the Dungeon
 10422 | D:10     | Reached skill level 1 in Spellcasting
 10568 | D:10     | Reached skill level 10 in Long Blades
 10643 | D:10     | Found a staircase to the Orcish Mines.
 10767 | D:10     | Found Lyru's Antique Armour Shoppe.
 10772 | D:10     | Bought a pair of glowing gloves for 217 gold pieces
 10824 | D:10     | Reached XP level 11. HP: 93/93 MP: 16/16
 10833 | D:10     | Found a white marble altar of Elyvilon.
 11491 | D:11     | Found a staircase to the Lair.
 11512 | D:11     | Reached skill level 1 in Shields
 12058 | D:11     | Reached *** piety under Ashenzari
 12086 | D:11     | Reached skill level 2 in Shields
 12228 | D:11     | Noticed a two-headed ogre
 12239 | D:11     | Killed a two-headed ogre
 12288 | D:11     | Noticed a two-headed ogre
 12319 | D:11     | Killed a two-headed ogre
 12319 | D:11     | Reached skill level 3 in Shields
 13758 | D:12     | Reached skill level 4 in Shields
 14258 | D:12     | Noticed a seven-headed hydra
 14278 | D:12     | Killed a seven-headed hydra
 14278 | D:12     | Reached skill level 1 in Stealth
 14604 | D:12     | Reached **** piety under Ashenzari
 14630 | D:12     | Noticed an unseen horror
 14642 | D:12     | Killed an unseen horror
 14642 | D:12     | Reached XP level 12. HP: 105/105 MP: 17/17
 14650 | D:12     | Gained mutation: You are frail. (-10% HP) [potion of
                  | mutation]
 14650 | D:12     | Gained mutation: You occasionally shout uncontrollably at
                  | your foes. [potion of mutation]
 14650 | D:12     | Gained mutation: You are clumsy. (Dex -2) [potion of
                  | mutation]
 14650 | D:12     | Gained mutation: Your tail ends in a poisonous barb.
                  | [potion of mutation]
 14651 | D:12     | Lost mutation: Your tail ends in a poisonous barb. [potion
                  | of mutation]
 14651 | D:12     | Lost mutation: You are clumsy. (Dex -2) [potion of
                  | mutation]
 14651 | D:12     | Lost mutation: You occasionally shout uncontrollably at
                  | your foes. [potion of mutation]
 14651 | D:12     | Lost mutation: You are frail. (-10% HP) [potion of
                  | mutation]
 14651 | D:12     | Gained mutation: You evolve. [potion of mutation]
 14651 | D:12     | Gained mutation: Scrolls take you a little longer to read.
                  | [potion of mutation]
 14651 | D:12     | Gained mutation: Your natural rate of healing is unusually
                  | fast. [potion of mutation]
 14651 | D:12     | Gained mutation: Your flesh is heat resistant. (rF+)
                  | [potion of mutation]
 14763 | D:12     | Noticed a centaur warrior
 14767 | D:12     | Noticed a stone giant
 14770 | D:12     | Identified the ring of Ecroofoz {+Inv AC+2 Str-3 Int+3}
 14779 | D:12     | Killed a centaur warrior
 14881 | Lair:1   | Entered Level 1 of the Lair of Beasts
 14881 | Lair:1   | Found a frozen archway.
 14898 | IceCv    | Entered an ice cave
 15039 | IceCv    | Reached skill level 5 in Shields
 15172 | IceCv    | Reached skill level 10 in Fighting
 15330 | IceCv    | Reached skill level 10 in Dodging
 15399 | IceCv    | Noticed a death yak
 15426 | IceCv    | Killed a death yak
 15657 | IceCv    | Noticed a frost giant
 15719 | IceCv    | Killed a frost giant
 15719 | IceCv    | Reached skill level 6 in Shields
 15868 | Lair:1   | Noticed a seven-headed hydra
 15883 | Lair:1   | Killed an 11-headed hydra
 15883 | Lair:1   | Reached skill level 5 in Stealth
 15893 | Lair:1   | Reached XP level 13. HP: 105/113 MP: 19/19
 16243 | Lair:1   | Reached skill level 7 in Shields
 16243 | Lair:1   | Reached skill level 1 in Transmutations
 16875 | Lair:2   | Found a staircase to the Swamp.
 16883 | Lair:1   | Reached skill level 5 in Spellcasting
 17573 | Lair:2   | Noticed Gastronok
 17587 | Lair:2   | Killed Gastronok
 17587 | Lair:2   | Reached skill level 8 in Shields
 18287 | Lair:3   | Learned a level 4 spell: Throw Icicle
 18877 | Swamp:1  | Entered Level 1 of the Swamp
 19312 | Lair:4   | Reached ***** piety under Ashenzari
 19363 | Lair:4   | Reached skill level 5 in Transmutations
 19786 | Lair:4   | Gained mutation: You have an increased reservoir of magic.
                  | (+10% MP) [evolution]
 19851 | Lair:4   | Found a hole to the Spider Nest.
 20129 | Lair:5   | Reached skill level 9 in Shields
 20216 | Lair:5   | Found a gate leading to a gauntlet.
 20226 | Gauntlet | Entered a Gauntlet
 20226 | Gauntlet | Found a transporter.
 20226 | Gauntlet | Found a transporter.
 20254 | Gauntlet | Found a transporter.
 20256 | Gauntlet | Found a transporter.
 20266 | Gauntlet | Found a transporter.
 20270 | Gauntlet | Found a transporter.
 20280 | Gauntlet | Found a transporter.
 20301 | Gauntlet | Found a transporter.
 20301 | Gauntlet | Noticed a death ooze
 20319 | Gauntlet | Found a transporter.
 20323 | Gauntlet | Found a transporter.
 20333 | Gauntlet | Found a transporter.
 20337 | Gauntlet | Found a transporter.
 20395 | Gauntlet | Gained mutation: Your tail ends in a poisonous barb. [Green
                  | Draconian growth]
 20395 | Gauntlet | Reached XP level 14. HP: 98/121 MP: 27/27
 20628 | Gauntlet | Identified Puylo's Papyrus of Weightlessness
 20662 | Gauntlet | Identified the Almanac of Spatial Bewitchment
 21987 | Lair:6   | Entered Level 6 of the Lair of Beasts
 22145 | Lair:6   | Found a viscous altar of Jiyva.
 22145 | Lair:6   | Found a staircase to the Slime Pits.
 22599 | Lair:6   | Reached skill level 10 in Shields
 22819 | Lair:6   | Lost mutation: You evolve. [evolution]
 23091 | Lair:6   | Reached skill level 1 in Earth Magic
 23962 | Orc:1    | Entered Level 1 of the Orcish Mines
 24092 | Orc:2    | Entered Level 2 of the Orcish Mines
 24136 | Orc:1    | Noticed an orc warlord
 24162 | Orc:1    | Killed an orc warlord
 24187 | Orc:1    | Found a dark tunnel.
 24199 | Volcano  | Entered a volcano
 24258 | Volcano  | Reached XP level 15. HP: 101/126 MP: 29/29
 24628 | Orc:1    | Reached ****** piety under Ashenzari
 24749 | Orc:2    | Found a roughly hewn altar of Beogh.
 25324 | Orc:2    | Identified the +1 shield of the Lute {rPois rCorr SInv}
 25324 | Orc:2    | Noticed Donald
 25951 | D:12     | Reached skill level 11 in Shields
 26071 | D:12     | Reached skill level 1 in Conjurations
 27342 | D:14     | Noticed Azrael
 27353 | D:14     | Killed Azrael
 27500 | D:14     | Identified the +1 chain mail of Lies {rElec Str+5 Dex+2}
 27724 | D:14     | Found a gate to the Vaults.
 27901 | D:14     | Found a shimmering altar of Xom.
 28234 | D:15     | Entered Level 15 of the Dungeon
 28242 | D:15     | Learned a level 6 spell: Deflect Missiles
 28248 | D:15     | Learned a level 5 spell: Summon Forest
 28367 | D:15     | Reached skill level 1 in Charms
 28382 | D:15     | Reached XP level 16. HP: 107/134 MP: 32/32
 28488 | D:15     | Found Gitonori's Antique Armour Emporium.
 28906 | Swamp:1  | Reached skill level 12 in Shields
 29159 | Swamp:1  | Reached skill level 10 in Spellcasting
 29748 | Swamp:2  | Reached skill level 1 in Translocations
 31574 | Swamp:4  | Entered Level 4 of the Swamp
 31814 | Swamp:4  | Reached skill level 1 in Summonings
 32001 | Swamp:4  | Reached skill level 5 in Charms
 32370 | Swamp:4  | HP: 5/135 [ghost crab] (6)]
 32371 | Swamp:4  | Mangled by a five-headed hydra

Levels and vault maps discovered:
D:1:      evilmike_arrival_hilbert_curve, layout_basic, minivault_19,
          minmay_pentomino_p4
D:2:      kennysheep_the_goblin_king, layout_loops_ring, corexii_hall_statues_i,
          uniq_natasha, uniq_jessica
D:3:      layout_loops_ring, old_standard_altar, hellmonk_ghost_happy_afterlife,
          first_ration, uniq_crazy_yiuf_cottage
D:4:      layout_loops_ring, kennysheep_mini, ashenzari_altar_1, uniq_ijyb,
          uniq_blork_the_orc
D:5:      wander_guarded_unrand_ratskin, layout_cave_pods,
          chequers_temple_overflow_statue_of_worship
D:6:      layout_gridville
D:7:      minmay_the_grid_triangle_9x9_recursive_2
          [minmay_the_grid_triangle_9x9_prize_special,
          minmay_the_grid_triangle_9x9_from_above,
          minmay_the_grid_triangle_9x9_semitri,
          minmay_the_grid_triangle_9x9_impossible_snake], layout_rooms,
          led_sif_book, lemuel_doored_altar, kennysheep_little_box,
          minmay_temple_entry_trees, uniq_duvessa
D:8:      layout_loops_ring, serial_shops, shop, grunt_livestock, fedhas_altar_2
D:9:      layout_irregular_city, serial_rivers, chequers_serial_rivers_small_b,
          chequers_serial_rivers_room_b, chequers_serial_rivers_room_a,
          chequers_serial_rivers_micro_c, chequers_serial_rivers_small_b,
          chequers_serial_rivers_micro_a, ebering_ghost_xom
D:10:     layout_loops_corners, david_orc_4, serial_shops, shop,
          elyvilon_altar_4
D:11:     layout_cave_pods, minmay_lair_entry_grove, bh_circular_ruins
D:12:     cross_vault, layout_basic
D:13:     layout_basic, serial_glass, glass_columns_a, glass_columns_a,
          worms_lemuel
D:14:     layout_irregular_city, erik_vaults_2, roderic_lattice_octagonal_star,
          tgw_xom, uniq_azrael
D:15:     hangedman_depths_entry_civil_slaughter, layout_long_grid,
          serial_shops, shop, minmay_misc_feat_plants, uniq_kirke
Lair:1:   layout_loops_ring, portal_ice_cave_entry_pillars_1,
          grunt_megastairs_5, lemuel_fruit_fields, minmay_lair_oklob_chamber,
          lemuel_fruit_fields
Lair:2:   layout_small_grid, minmay_swamp_entry_swarm, ldierk_geyser,
          uniq_gastronok
Lair:3:   layout_roguey, special_room [special_room_bee]
Lair:4:   layout_long_grid, spider_nest_entry_funnel_web, grunt_megastairs_2
Lair:5:   layout_cave_pods, gauntlet_entry_generic
Lair:6:   minmay_lair_end_frog_pond, layout_gridlike,
          dpeg_slime_entry_enclosed_altar, infiniplex_staircase_pool
Swamp:1:  layout_falls_marsh, evilmike_swamp_ruin_rubble_1
Swamp:2:  layout_basic_swamp, evilmike_swamp_ruin_house_3
Swamp:3:  layout_basic_swamp, evilmike_swamp_ruin_house_2
Swamp:4:  swamp, layout_basic_swamp
Orc:1:    layout_caves, nicolae_volcano_entry_batcave
Orc:2:    grunt_orc_gardens, layout_caves, grunt_orc_garden, grunt_orc_garden,
          grunt_orc_garden, grunt_orc_garden, mines2_david, uniq_donald

Skill      XL: |  1  2  3  4  5  6  7  8  9 10 11 12 13 14 15 16 |
---------------+-------------------------------------------------+-----
Throwing       | 2 3 4 5 6 7 |  7.2
Dodging        | 3 4 5 6 7 8 9 10 11 | 11.3
Long Blades    | 4 5 6 7 9 10 11 | 11.8
Evocations     | 1 3 5 6 7 |  7.4
Fighting       | 3 5 7 9 10 | 10.3
Spellcasting   | 1 2 4 7 8 9 10 | 10.9
Shields        | 4 6 9 10 11 12 | 12.3
Stealth        | 1 5 6 8 9 |  9.0
Transmutations | 5 7 |  7.3
Earth Magic    | 3 4 |  4.0
Conjurations   | 4 |  4.3
Charms         | 1 5 |  5.4
Translocations | 4 |  4.8
Summonings     | 2 |  2.8

Action                   |  1- 3 |  4- 6 |  7- 9 | 10-12 | 13-15 | 16-18 || total
-------------------------+-------+-------+-------+-------+-------+-------++-------
Melee: Long sword        |    92 |   195 |   107 |       |       |       ||   394
       Tailslap          |    11 |    31 |    69 |   117 |   315 |   129 ||   672
       Scimitar          |       |       |   229 |   560 |  1422 |   565 ||  2776
Throw: Javelin           |       |       |       |       |     6 |       ||     6
Invok: Curse Item        |       |       |     3 |     2 |     3 |     1 ||     9
 Abil: Breathe Noxious F |       |       |     7 |    14 |    19 |     3 ||    43
       Evoke Flight      |       |       |     1 |       |     1 |     1 ||     3
Evoke: Wand              |       |       |     5 |    16 |    38 |     7 ||    66
       Fan of gales      |       |       |       |       |     1 |     1 ||     2
  Use: Scroll            |       |     6 |    16 |     7 |    10 |     5 ||    44
       Potion            |       |       |     1 |     4 |    11 |     3 ||    19
 Stab: Sleeping          |     1 |     3 |     8 |    11 |    27 |    11 ||    61
       Confused          |       |       |     4 |    14 |    10 |     2 ||    30
       Paralysed         |       |       |     3 |     4 |    11 |     1 ||    19
       Distracted        |       |       |       |     4 |     5 |     2 ||    11
       Petrified         |       |       |       |       |     7 |       ||     7
  Eat: Chunk             |     1 |     8 |    16 |    18 |    54 |    14 ||   111
       Ration            |       |       |     2 |     3 |     1 |       ||     6
Armor: Skin              |    32 |    54 |    71 |   116 |   218 |   124 ||   615
Dodge: Dodged            |   106 |   123 |   234 |   443 |   731 |   393 ||  2030
       Deflected         |       |       |     3 |     7 |     8 |     1 ||    19
Block: Shield            |       |       |       |     7 |   772 |   376 ||  1155
       Rpst.: Long sword |    32 |    38 |    31 |       |       |       ||   101
       Scimitar          |       |       |    55 |   104 |   191 |    87 ||   437

Table legend:
 A = Non-vault XP
 B = Vault XP
 C = Vault XP percentage of total XP
 D = Non-vault monster count
 E = Vault monster count
 F = Vault count percentage of total count
                 A         B        C        D         E       F
            +---------+---------+-------+---------+---------+-------
      Total |  128570 |   83809 |  39.5 |     647 |     319 |  33.0
            +---------+---------+-------+---------+---------+-------
        D:1 |      32 |       7 |  17.9 |      15 |       4 |  21.1
        D:2 |     124 |     120 |  49.2 |      27 |       9 |  25.0
        D:3 |      65 |      41 |  38.7 |      24 |       1 |   4.0
        D:4 |     694 |      91 |  11.6 |      16 |       1 |   5.9
        D:5 |     316 |     168 |  34.7 |       9 |      21 |  70.0
        D:6 |     490 |       0 |   0.0 |      24 |       0 |   0.0
        D:7 |     392 |    1904 |  82.9 |       9 |      15 |  62.5
        D:8 |    2648 |     936 |  26.1 |      38 |       5 |  11.6
        D:9 |    1382 |       0 |   0.0 |      22 |       0 |   0.0
       D:10 |    2373 |     761 |  24.3 |      38 |      15 |  28.3
       D:11 |    3487 |    1641 |  32.0 |      15 |      15 |  50.0
       D:12 |    6588 |    5633 |  46.1 |      38 |       6 |  13.6
       D:13 |    7295 |    2899 |  28.4 |      30 |      11 |  26.8
       D:14 |    8457 |   11528 |  57.7 |      31 |      21 |  40.4
       D:15 |   10879 |    1063 |   8.9 |      25 |       1 |   3.8
     Lair:1 |    3566 |    3754 |  51.3 |      16 |      11 |  40.7
     Lair:2 |    4121 |    2482 |  37.6 |      16 |       3 |  15.8
     Lair:3 |    1946 |    1671 |  46.2 |      10 |      26 |  72.2
     Lair:4 |    6194 |     945 |  13.2 |      22 |       4 |  15.4
     Lair:5 |    8960 |       0 |   0.0 |      22 |       0 |   0.0
     Lair:6 |   11523 |   11503 |  50.0 |      39 |      45 |  53.6
    Swamp:1 |   10273 |       0 |   0.0 |      25 |       0 |   0.0
    Swamp:2 |   11509 |       0 |   0.0 |      28 |       0 |   0.0
    Swamp:3 |   10456 |       0 |   0.0 |      24 |       0 |   0.0
    Swamp:4 |    9419 |   10878 |  53.6 |      31 |      18 |  36.7
      Orc:1 |    4245 |     600 |  12.4 |      46 |       3 |   6.1
      Orc:2 |    1136 |    2934 |  72.1 |       7 |      13 |  65.0
      IceCv |       0 |   12055 | 100.0 |       0 |      46 | 100.0
    Volcano |       0 |    5152 | 100.0 |       0 |      16 | 100.0
   Gauntlet |       0 |    5043 | 100.0 |       0 |       9 | 100.0
            +---------+---------+-------+---------+---------+-------
